 Dungeon Crawl Stone Soup version 0.30.1-9-gdf580d7c3d (webtiles) character file.

Game seed: 10028356172520340942

131756 Ijustatesigmund the Eclecticist (level 16, -9/87 HPs)
             Began as a Deep Elf Fire Elementalist on Oct 5, 2023.
             Was a High Priest of Vehumet.
             Mangled by Iffuusoj's ghost (31 damage)
             ... on level 3 of the Swamp.
             The game lasted 02:25:23 (43945 turns).

Ijustatesigmund the Eclecticist (DEFE)             Turns: 43945, Time: 02:25:24

Health: -9/87      AC: 27    Str:  9    XL:     16   Next: 56%
Magic:  27/40      EV:  9    Int: 35    God:    Vehumet [*****.]
Gold:   2494       SH: 13    Dex: 19    Spells: 11/52 levels left

rFire   + + .        K - staff of fire "Dafuheev" {rF+ Stlth+}
rCold   . . .        g - +2 buckler of Beyond {Str+4}
rNeg    + . .        a - +1 pearl dragon scales
rPois   +            z - +2 helmet
rElec   .            t - +2 cloak
rCorr   .            y - +2 pair of gloves
SInv    .            S - +2 pair of boots {rampage}
Will    ++...        X - amulet of reflection
Stlth   ++           E - ring of Dungilo {rPois rF+}
HPRegen 0.34/turn    V - ring of Wuiven {Will+ Int+6 Dex+4}
MPRegen 0.27/turn

%: reflection, rampage
@: studying Throwing
A: no striking features
a: Renounce Religion


You were on level 3 of the Swamp.
You worshipped Vehumet.
Vehumet was extremely pleased with you.
You visited 5 branches of the dungeon, and saw 26 of its levels.
You also visited: Bailey, Gauntlet and Volcano.

You collected 3547 gold pieces.
You spent 1053 gold pieces at shops.

Inventory:

Hand Weapons
 s - a +1 heavy sling
Armour
 a - +1 pearl dragon scales (worn)
 f - the +0 helmet "Haschafe" {rF- Int+3 Dex+6 Slay+3}
   (You found it in a Gauntlet)

   Int:       It affects your intelligence (+3).
   Dex:       It affects your dexterity (+6).
   Slay:      It affects your accuracy & damage with ranged weapons and melee
   (+3).
   rF:        It makes you vulnerable to fire.
 g - the +2 buckler of Beyond (worn) {Str+4}
   (You acquired it on level 6 of the Dungeon)

   Str:       It affects your strength (+4).
 n - a +2 hat of willpower
 t - a +2 cloak (worn)
 y - a +2 pair of gloves (worn)
 z - a +2 helmet (worn)
 S - a +2 pair of boots of rampaging (worn)
 U - the +4 kite shield of the Pink Corner {Will+ SInv}
   (You took it off a minotaur in a Gauntlet)

   SInv:      It lets you see invisible.
   Will:      It increases your willpower.
 W - the +6 leather armour of the Pink Corner {rN+ Int+2}
   (You found it in a Gauntlet)

   Int:       It affects your intelligence (+2).
   rN:        It protects you from negative energy.
Magical Staves
 K - the staff of fire "Dafuheev" (weapon) {rF+ Stlth+}
   (You found it on level 12 of the Dungeon)

   [staff of fire]

   Base accuracy: +5 Base damage: 5 Base attack delay: 1.2 This weapon's minimum
   attack delay (0.6) is reached at skill level 12.
   rF:        It protects you from fire.
   Stlth:     It makes you more stealthy.
   It falls into the 'Staves' category.
   It is a one-handed weapon.
Jewellery
 j - a ring of protection from cold
 p - a +5 ring of evasion
 r - the ring of the Hero {rPois rF++ rC-}
   (You took it off an orc warrior in a bailey)

   [ring of poison resistance]

   rF:        It greatly protects you from fire.
   rC:        It makes you vulnerable to cold.
   rPois:     It protects you from poison.
 v - a ring of see invisible
 E - the ring of Dungilo (left hand) {rPois rF+}
   (You found it on level 12 of the Dungeon)

   [ring of protection from fire]

   rF:        It protects you from fire.
   rPois:     It protects you from poison.
 F - a ring of wizardry
 N - the ring of Ilorup {rC++ Will+}
   (You took it off a minotaur in a Gauntlet)

   [ring of willpower]

   rC:        It greatly protects you from cold.
   Will:      It increases your willpower.
 R - the ring of Broken Luck {Drain rF+ rN+ Int+6 Stlth+}
   (You found it in a Gauntlet)

   [ring of intelligence]

   Int:       It affects your intelligence (+6).
   rF:        It protects you from fire.
   rN:        It protects you from negative energy.
   Drain:     It drains your maximum health when unequipped.
   Stlth:     It makes you more stealthy.
 V - the ring of Wuiven (right hand) {Will+ Int+6 Dex+4}
   (You found it in a Gauntlet)

   [ring of intelligence]

   Int:       It affects your intelligence (+6).
   Dex:       It affects your dexterity (+4).
   Will:      It increases your willpower.
 X - an amulet of reflection (around neck)
 Y - a ring of ice
Wands
 k - a wand of polymorph (7)
 J - a wand of charming (25)
 L - a wand of flame (42)
 P - a wand of mindburst (4)
 Q - a wand of iceblast (5)
 Z - a wand of light (10)
Scrolls
 b - a scroll of magic mapping
 e - 4 scrolls of enchant weapon
 m - 5 scrolls of poison
 o - 3 scrolls of amnesia
 w - 6 scrolls of fog
 B - 11 scrolls of identify
 C - 5 scrolls of immolation
 G - 2 scrolls of fear
 I - 6 scrolls of teleportation
 M - 2 scrolls of silence
 T - 2 scrolls of brand weapon
Potions
 c - a potion of heal wounds
 d - 11 potions of curing
 h - 9 potions of flight
 i - 4 potions of might
 l - 3 potions of haste
 q - 3 potions of brilliance
 u - 5 potions of mutation
 x - a potion of lignification
 A - a potion of berserk rage
 D - 2 potions of attraction
 H - 5 potions of cancellation
 O - 3 potions of magic


   Skills:
 - Level 5.1 Fighting
 - Level 5.6 Staves
 - Level 5.4 Ranged Weapons
 + Level 7.7 Armour
 - Level 5.2 Dodging
 - Level 4.7 Stealth
 - Level 5.9 Shields
 + Level 18.9 Spellcasting
 - Level 13.5 Conjurations
 - Level 13.9 Fire Magic
 - Level 5.7 Ice Magic
 - Level 7.7 Air Magic
 - Level 6.9 Earth Magic
 - Level 8.3 Evocations


You had 11 spell levels left.
You knew the following spells:

 Your Spells              Type           Power      Damage    Failure   Level
a - Foxfire               Conj/Fire      100%       2x1d9     1%          1
b - Scorch                Fire           100%       2d9       1%          2
c - Flame Wave            Conj/Fire      100%       2d21      1%          4
d - Stone Arrow           Conj/Erth      100%       3d13      1%          3
e - Freezing Cloud        Conj/Ice/Air   38%        6-21      2%          5
f - Passwall              Tmut/Erth      45%        N/A       4%          2
g - Frozen Ramparts       Ice            100%       1d16      1%          3
h - Starburst             Conj/Fire      57%        6d15      1%          6
i - Plasma Beam           Fire/Air       52%        2x1d73    6%          6
j - Iskenderun's Mystic   Conj/Tloc      69%        2d14      2%          4
k - Fireball              Conj/Fire      57%        3d22      1%          5

Your spell library contained the following spells:

 Spells                   Type           Power      Damage    Failure   Level
 Sandblast                Erth           100%       2d20      1%          1
 Poisonous Vapours        Pois/Air       100%       N/A       1%          2
 Static Discharge         Conj/Air       100%       2-7/arc   1%          2
 Dazzling Flash           Conj/Hex       100%       N/A       1%          3
 Hailstorm                Conj/Ice       79%        3d16      1%          3
 Inner Flame              Hex/Fire       89%        N/A       1%          3
 Mephitic Cloud           Conj/Pois/Air  70%        N/A       1%          3
 Volatile Blastmotes      Fire/Tloc      100%       2d18      1%          3
 Airstrike                Air            36%        2d(6-22)  1%          4
 Conjure Ball Lightning   Conj/Air       41%        3x3d13    7%          6
 Apportation              Tloc           66%        N/A       12%         1
 Necrotise                Necr           100%       1d9       12%         1
 Summon Small Mammal      Summ           100%       N/A       12%         1
 Lesser Beckoning         Tloc           66%        N/A       19%         2
 Sublimation of Blood     Necr           33%        N/A       19%         2
 Wereblood                Tmut           33%        N/A       19%         2
 Summon Lightning Spire   Summ/Air       57%        N/A       24%         4
 Gell's Gravitas          Tloc           33%        N/A       36%         3
 Teleport Other           Tloc           33%        N/A       36%         3
 Tukima's Dance           Hex            33%        N/A       36%         3
 Ice Form                 Ice/Tmut       52%        N/A       36%         4
 Yara's Violent Unravell  Hex/Tmut       16%        3d8       61%         5
 Passage of Golubria      Tloc           33%        N/A       77%         4
 Alistair's Intoxication  Tmut/Pois      22%        N/A       98%         5
 Simulacrum               Ice/Necr       26%        N/A       99%         6
 Dispersal                Tloc           16%        N/A       100%        6
 Summon Hydra             Summ           16%        N/A       100%        7
 Discord                  Hex            16%        N/A       100%        8
 Disjunction              Tloc           16%        N/A       100%        8


Dungeon Overview and Level Annotations

Branches:
Dungeon (15/15)            Temple (1/1) D:7            Lair (5/5) D:9
  Swamp (3/4) Lair:3       Spider (0/4) Lair:3        Slime (0/5) Lair:5
    Orc (2/2) D:10            Elf (0/3) Orc:2        Vaults (0/5) D:13
 Depths (0/4) D:15         Bailey (visited)         Volcano (visited)
Gauntlet (visited)

Altars:
Ashenzari
Cheibriados
Dithmenos
Elyvilon
Fedhas
Gozag
Hepliaklqana
Kikubaaqudgha
Makhleb
Nemelex Xobeh
Okawaru
Qazlal
Ru
Sif Muna
Trog
Vehumet
Wu Jian
Xom
Yredelemnul
Zin
The Shining One
Jiyva

Shops:
D:4 ***   D:10 [   D:11 (   D:12 ?   Orc:2 [:(*

Portals:
Trove: D:10 (give +5 fire dragon scales)

Annotations:
Temple 2 transporters
Swamp:3 1 transporter, Iffuusoj's ghost, adept MiBe


Message History

You erupt in a blast of force!
The mystic blast hits Iffuusoj's ghost but does no damage.
Iffuusoj's ghost is heavily damaged.
The mystic blast hits the spriggan rider!!
The spriggan rider is heavily wounded.
The spriggan rider is knocked back by the mystic blast.
The mystic blast hits the spriggan defender but does no damage.
The spriggan defender is heavily wounded.
The spriggan defender hits you but does no damage.
The spriggan defender closely misses you.
You block the spriggan defender's attack.
You can't go up here!
Okay, then.
Okay, then.
You feel much better.
You block the spriggan defender's attack.
You block Iffuusoj's ghost's attack.
The spriggan rider hits you from afar with a +3 spear of flaming!!
* * * LOW HITPOINT WARNING * * *
The spriggan rider burns you.
* * * LOW HITPOINT WARNING * * *
Casting: Iskenderun's Mystic Blast (dangerous; 2% risk of failure)
Confirm with . or Enter, or press ? or * to list all spells.
Casting: Starburst (dangerous; 1% risk of failure)
Press: ? - help, Dir - look around, f - activate You feel a surge of power!
The bolt of fire hits Iffuusoj's ghost!!
Iffuusoj's ghost is severely damaged.
The bolt of fire hits the spriggan rider!!!
You kill the spriggan rider!
Vehumet accepts your kill.
You feel your power returning.
You kill the hornet!
Vehumet accepts your kill.
You feel your power returning.
The bolt of fire hits the spriggan defender!!!
You kill the spriggan defender!
Vehumet accepts your kill. Iffuusoj's ghost hits you!!
You die...

...~~~.♣.~.~..♣~..........~~~§
~♣♣.~.♣.~.~♣♣♣♣♣...........§~~.~
♣♣♣~.~~♣.♣.~.♣♣....#####....~~.♣♣
♣♣~~...♣.♣~~.....###..i###..~....
♣.~~..♣♣≈♣♣.~~..##§§..i #(.~~~~
~~.§.♣♣≈≈≈♣♣~...##). # ## ..~~.~
~~...♣≈≈≈≈≈≈~..##.# #.#≈#W##.~~.♣
♣~...≈≈≈≈≈≈♣...#).#≈...#§..#..~.~
♣♣♣♣.♣≈♣≈≈≈♣..©#@.).._....©#©..$♣
♣♣♣♣♣♣≈♣♣♣..#.W)..}.#...#.[..§
♣♣♣~~..##))..#§#..##.♣.~~
♣♣.~~~..#....###..#..♣♣.~
~~~~~~...##......###..♣ ♣♣
...~~.....###...###..♣♣
♣♣.§(♣♣♣....#####....♣ ♣♣♣♣
♣♣...........♣♣ ♣♣♣.......♣♣♣


You could see Iffuusoj's ghost.

Vanquished Creatures
  Nikola (Swamp:2)
  A tentacled monstrosity (Swamp:3)
  Jorgrun (Swamp:3)
  Rupert (D:13)
  A thorn hunter (Swamp:2)
  A fenstrider witch (Swamp:3)
  An orc warlord (Orc:1)
  A spriggan defender (Swamp:3)
  A ghost moth (shapeshifter) (D:13)
  5 eleionomae
  A bunyip (Swamp:2)
  A minotaur (Gauntlet)
  Josephine (Orc:1)
  2 fire dragons
  5 hydras
  Harold (D:10)
  4 catoblepae
  2 ghost crabs
  5 vault guards
  10 alligators
  An ogre mage (Volcano)
  A centaur warrior (D:11)
  7 two-headed ogres
  A jorogumo (D:12)
  8 death yaks
  A tengu warrior (D:14)
  4 orc high priests (Orc:2)
  A spriggan berserker (Swamp:3)
  A hell knight (Volcano)
  A skyshark (Lair:4)
  3 goliath frogs
  2 swamp dragons
  A spriggan druid (Swamp:1)
  An orb spider (Lair:3)
  6 bog bodies
  A necromancer (D:12)
  4 wizards
  3 deep elf pyromancers
  7 orc knights
  4 orc sorcerers
  2 wolf spiders (D:15)
  14 ugly things
  11 elephants
  A moth of wrath (Swamp:3)
  5 cyclopes
  4 manticores
  Maurice (D:11)
  Joseph (D:7)
  A smoke demon (Gauntlet)
  A black mamba (Lair:3)
  A gargoyle (D:12)
  11 slime creatures
  2 molten gargoyles (Volcano)
  A black mamba (shapeshifter) (D:15)
  2 unseen horrors
  10 cane toads
  6 yaktaurs
  2 rime drakes
  Maggie (D:7)
  7 kobold demonologists
  7 komodo dragons
  A red devil (Gauntlet)
  2 tengu conjurers (D:12)
  A bloated husk (Swamp:3)
  9 hornets
  2 tarantellas (shapeshifter) (D:15)
  6 trolls
  6 polar bears
  17 blink frogs
  5 tyrant leeches
  A dream sheep (Lair:3)
  12 spriggans
  A vampire (D:10)
  4 shadows
  8 wraiths
  5 basilisks
  71 yaks
  2 fire bats (Volcano)
  4 wyverns
  8 vampire mosquitoes
  2 steam dragons
  18 swamp worms
  3 wargs
  2 acid dragons
  17 water moccasins
  A floating eye (shapeshifter) (D:15)
  24 orc warriors
  An ice beast (D:7)
  A sky beast (D:6)
  4 swamp drakes
  3 black bears
  8 ogres
  21 wolves
  7 boggarts
  A phantom (D:5)
  8 centaurs
  6 kobold brigands
  17 bullfrogs
  A scorpion (D:5)
  2 gnoll sergeants (D:10)
  3 wights (D:8)
  11 killer bees
  3 howler monkeys
  4 electric eels (D:10)
  2 crimson imps (Gauntlet)
  4 lava snakes (Volcano)
  A jelly (D:8)
  3 hounds (D:5)
  12 orc priests
  A gnoll bouda (D:9)
  A sleepcap (D:5)
  4 iguanas
  28 orc wizards
  8 hell rats
  4 adders
  6 gnolls
  3 river rats (D:9)
  A white imp (D:8)
  An ufetubus (D:4)
  4 worms
  A dart slug (D:4)
  74 orcs
  2 ball pythons
  A bat (D:1)
  3 endoplasms
  2 giant cockroaches
  11 goblins
  10 hobgoblins
  10 jackals
  5 quokkas
  3 frilled lizards
  31 kobolds
  7 rats
771 creatures vanquished.

Vanquished Creatures (collateral kills)
  An oklob plant (Gauntlet)
  2 acid dragons (Gauntlet)
  2 foxfires
5 creatures vanquished.

Vanquished Creatures (others)
  An alligator (Swamp:2)
  An orc priest (Orc:2)
  728 foxfires
730 creatures vanquished.

Grand Total: 1506 creatures vanquished

Notes
Turn   | Place    | Note
-------+----------+-------------------------------------------
     0 | D:1      | Ijustatesigmund the Deep Elf Fire Elementalist began the
                  | quest for the Orb.
     0 | D:1      | Reached XP level 1. HP: 10/10 MP: 6/6
   522 | D:1      | Reached XP level 2. HP: 13/16 MP: 5/8
   865 | D:1      | Found a faded altar of an unknown god.
  1469 | D:2      | Noticed a howler monkey
  1479 | D:2      | Killed a howler monkey
  1480 | D:2      | Reached skill level 1 in Fighting
  1480 | D:2      | Reached XP level 3. HP: 20/20 MP: 5/10
  1626 | D:2      | Learned a level 2 spell: Scorch
  1687 | D:2      | Reached XP level 4. HP: 25/25 MP: 9/11
  1692 | D:2      | Learned a level 4 spell: Flame Wave
  1926 | D:2      | Identified the +1 sling of Buagysas {flame, Str+3}
  1989 | D:2      | Reached skill level 4 in Spellcasting
  3036 | D:4      | Reached skill level 1 in Ranged Weapons
  3326 | D:4      | Reached XP level 5. HP: 29/29 MP: 9/13
  3692 | D:4      | Identified the +2 sling "Kuvygog" {flame, rCorr}
  3721 | D:4      | Found Zin's Purification Station.
  3725 | D:4      | Found a glowing silver altar of Zin.
  4352 | D:4      | Found Xihul's General Store.
  4354 | D:4      | Found Leuqaq's Specific Store.
  4364 | D:4      | Bought a scroll of blinking for 97 gold pieces
  4364 | D:4      | Bought a scroll of magic mapping for 97 gold pieces
  4446 | D:5      | Entered Level 5 of the Dungeon
  4452 | D:5      | Noticed a phantom
  4456 | D:5      | Reached XP level 6. HP: 32/34 MP: 5/15
  4646 | D:5      | Reached skill level 5 in Spellcasting
  4768 | D:5      | Reached skill level 5 in Fire Magic
  4944 | D:5      | Reached XP level 7. HP: 32/38 MP: 12/17
  5403 | D:6      | Identified a scroll of acquirement
  5403 | D:6      | Acquired the +2 buckler of Beyond {Str+4}
  5433 | D:6      | Reached skill level 1 in Shields
  5909 | D:6      | Reached XP level 8. HP: 43/43 MP: 13/18
  6638 | D:7      | Reached skill level 5 in Shields
  6651 | D:7      | Found a staircase to the Ecumenical Temple.
  6696 | D:7      | Noticed Maggie
  6710 | D:7      | Killed Maggie
  6711 | D:7      | Reached skill level 6 in Spellcasting
  6711 | D:7      | Reached skill level 5 in Conjurations
  7051 | D:7      | Noticed Joseph
  7062 | D:7      | Reached skill level 7 in Spellcasting
  7076 | D:7      | Identified the +1 long sword of the Tooth {antimagic, rF-
                  | rC++}
  7332 | D:8      | Reached XP level 9. HP: 47/47 MP: 14/22
  7337 | D:8      | Reached skill level 8 in Spellcasting
  7794 | D:8      | Reached skill level 9 in Spellcasting
  8045 | D:8      | Learned a level 3 spell: Stone Arrow
  8100 | D:8      | Reached skill level 1 in Earth Magic
  8103 | D:8      | Reached skill level 5 in Ranged Weapons
  8109 | D:8      | Reached XP level 10. HP: 35/52 MP: 6/25
  8422 | D:8      | Found a glowing golden altar of the Shining One.
  8516 | D:8      | Found a white marble altar of Elyvilon.
  8984 | Temple   | Entered the Ecumenical Temple
  8984 | Temple   | Found a transporter.
  8984 | Temple   | Found a transporter.
  8986 | Temple   | Found a transporter.
  8986 | Temple   | Found a transporter.
  9001 | Temple   | Became a worshipper of Vehumet
  9358 | D:7      | Killed Joseph
  9657 | D:9      | Noticed a death yak
  9657 | D:9      | Noticed a death yak
  9661 | D:9      | Found a flagged portal.
  9668 | Bailey   | Entered a bailey
  9913 | Bailey   | Noticed an orc knight
  9926 | Bailey   | Killed an orc knight
 10219 | Bailey   | Reached skill level 10 in Spellcasting
 10230 | Bailey   | Identified the ring of the Hero {rPois rF++ rC-}
 10588 | D:9      | Killed a death yak
 10687 | D:9      | Learned a level 5 spell: Freezing Cloud
 10793 | D:9      | Reached * piety under Vehumet
 10793 | D:9      | Offered knowledge of Kiss of Death by Vehumet.
 10864 | D:9      | Found an ornate altar of the Wu Jian Council.
 11045 | D:9      | Noticed a death yak
 11075 | D:10     | Entered Level 10 of the Dungeon
 11075 | D:10     | Noticed Harold
 11083 | D:10     | Reached skill level 1 in Ice Magic
 11084 | D:10     | Reached skill level 1 in Air Magic
 11118 | D:10     | Killed Harold
 11380 | D:10     | Found a staircase to the Orcish Mines.
 11388 | D:10     | Found Hixoe's Antique Armour Emporium.
 11526 | D:10     | Reached XP level 11. HP: 58/58 MP: 19/27
 11653 | D:10     | Reached skill level 11 in Spellcasting
 11653 | D:10     | Reached skill level 1 in Evocations
 11762 | D:10     | Reached skill level 5 in Earth Magic
 12037 | D:10     | Noticed a centaur warrior
 12038 | D:10     | Noticed a centaur warrior
 12104 | D:10     | Reached ** piety under Vehumet
 12104 | D:10     | Offered knowledge of Magic Dart by Vehumet.
 12880 | D:10     | Noticed a vault guard
 12891 | D:10     | Killed a vault guard
 13111 | D:10     | Found a portal to a secret trove of treasure.
 13199 | D:10     | Found a shimmering blue altar of Sif Muna.
 13497 | D:9      | Killed a death yak
 13504 | D:9      | Killed a death yak
 13688 | D:9      | Found a staircase to the Lair.
 13953 | D:11     | Noticed a centaur warrior
 13954 | D:11     | Noticed a two-headed ogre
 14190 | D:11     | Killed a centaur warrior
 14374 | D:11     | Killed a two-headed ogre
 14375 | D:11     | Reached skill level 5 in Ice Magic
 14441 | D:11     | Found the +3 giant club "Skullcrusher" {speed, Str+7}
 14496 | D:11     | Noticed Maurice
 14498 | D:11     | Noticed a two-headed ogre
 14505 | D:11     | Killed Maurice
 14510 | D:11     | Killed a two-headed ogre
 14511 | D:11     | Reached skill level 12 in Spellcasting
 14747 | D:11     | Acquired 575 gold pieces
 14763 | D:11     | Found Beidohor's Weapon Boutique.
 14770 | D:11     | Reached skill level 5 in Air Magic
 14776 | D:11     | Offered knowledge of Searing Ray by Vehumet.
 15117 | D:11     | Noticed a two-headed ogre
 15119 | D:11     | Noticed a brown ugly thing
 15122 | D:11     | Killed a two-headed ogre
 15127 | D:11     | Killed a brown ugly thing
 15128 | D:11     | Reached XP level 12. HP: 42/63 MP: 17/30
 15610 | D:12     | Reached skill level 5 in Evocations
 15712 | D:12     | Reached *** piety under Vehumet
 16176 | D:12     | Found a transporter.
 16185 | D:12     | Found a shimmering blue altar of Sif Muna.
 16193 | D:12     | Noticed a boulder beetle
 16196 | D:12     | a boulder beetle changed into a jorogumo
 16196 | D:12     | Noticed a jorogumo
 16202 | D:12     | Killed a jorogumo
 16335 | D:12     | Found Wiphech's Magic Scroll Shop.
 16338 | D:12     | You fall into a shaft and drop 2 floors!
 16371 | D:13     | Noticed a fire dragon
 16683 | D:13     | Noticed an eight-headed hydra
 16692 | D:14     | Killed an eight-headed hydra
 16986 | D:13     | Noticed a vault guard
 17379 | D:14     | Learned a level 2 spell: Passwall
 17434 | D:13     | Offered knowledge of Frozen Ramparts by Vehumet.
 17813 | D:13     | Reached skill level 13 in Spellcasting
 18554 | D:12     | Bought 3 scrolls of teleportation for 126 gold pieces
 18554 | D:12     | Bought a scroll of fear for 56 gold pieces
 18558 | D:12     | Learned a level 3 spell: Frozen Ramparts
 19016 | D:12     | Reached skill level 10 in Fire Magic
 19034 | D:12     | Identified the ring of Dungilo {rPois rF+}
 19088 | D:12     | Found a transporter.
 19089 | D:12     | Identified the staff of fire "Dafuheev" {rF+ Stlth+}
 19119 | D:13     | Reached XP level 13. HP: 70/70 MP: 27/32
 19127 | D:13     | Noticed Rupert
 19244 | Lair:1   | Entered Level 1 of the Lair of Beasts
 19540 | Lair:1   | Reached **** piety under Vehumet
 19741 | Lair:1   | Reached skill level 10 in Conjurations
 19742 | Lair:1   | Offered knowledge of Airstrike by Vehumet.
 20710 | Lair:2   | Reached skill level 14 in Spellcasting
 21198 | Lair:2   | You fall into a shaft and drop 1 floor!
 21274 | Lair:3   | Found a hole to the Spider Nest.
 22234 | Lair:3   | HP: 3/70 [bog body (21)]
 22836 | Lair:3   | Reached skill level 15 in Spellcasting
 23053 | Lair:3   | Found a staircase to the Swamp.
 23361 | Lair:2   | Reached ***** piety under Vehumet
 23361 | Lair:2   | Offered knowledge of Starburst by Vehumet.
 23373 | Lair:2   | Learned a level 6 spell: Starburst
 23693 | Lair:2   | Identified the +4 mace of Red Wine {pain, +Blink Str+6}
 23824 | Lair:2   | Found a shimmering altar of Xom.
 25032 | Lair:4   | Reached skill level 1 in Staves
 25034 | Lair:4   | Reached XP level 14. HP: 73/76 MP: 33/35
 25545 | Lair:5   | Entered Level 5 of the Lair of Beasts
 26467 | Lair:5   | Reached skill level 16 in Spellcasting
 26476 | Lair:5   | Offered knowledge of Eringya's Noxious Bog by Vehumet.
 26536 | Lair:5   | Found a viscous altar of Jiyva.
 26768 | Lair:5   | Found a staircase to the Slime Pits.
 29418 | Orc:1    | Entered Level 1 of the Orcish Mines
 29418 | Orc:1    | Noticed Josephine
 29430 | Orc:1    | Killed Josephine
 29433 | Orc:1    | Noticed an orc warlord
 29451 | Orc:1    | Killed an orc warlord
 29452 | Orc:1    | Reached skill level 5 in Staves
 29474 | Orc:1    | Found a dark tunnel.
 29573 | Volcano  | Entered a volcano
 29908 | Volcano  | Found a bloodstained altar of Trog.
 30730 | Orc:2    | Entered Level 2 of the Orcish Mines
 30775 | Orc:2    | Reached XP level 15. HP: 52/80 MP: 18/37
 30804 | Orc:2    | Found a gate leading to a gauntlet.
 30811 | Gauntlet | Entered a Gauntlet
 30811 | Gauntlet | Found a transporter.
 30811 | Gauntlet | Found a transporter.
 30818 | Gauntlet | Found a transporter.
 30841 | Gauntlet | Found a transporter.
 30851 | Gauntlet | Found a transporter.
 30851 | Gauntlet | Found a transporter.
 30904 | Gauntlet | Found a transporter.
 30928 | Gauntlet | Reached skill level 5 in Dodging
 30941 | Gauntlet | Identified the +0 helmet "Haschafe" {rF- Int+3 Dex+6
                  | Slay+3}
 30974 | Gauntlet | Found a transporter.
 30974 | Gauntlet | Found a transporter.
 30974 | Gauntlet | Found a transporter.
 30988 | Gauntlet | Identified the ring of Broken Luck {Drain rF+ rN+ Int+6
                  | Stlth+}
 31019 | Gauntlet | Found a transporter.
 31027 | Gauntlet | Found a transporter.
 31044 | Gauntlet | Found a transporter.
 31104 | Gauntlet | Identified the +6 broad axe of the Ageing Gods {heavy,
                  | rPois Dex+2}
 31104 | Gauntlet | Identified the +7 ice dragon scales "Uzxefaf" {rPois rF-
                  | rC++}
 31104 | Gauntlet | Identified the +4 kite shield of the Pink Corner {Will+
                  | SInv}
 31104 | Gauntlet | Identified the ring of Ilorup {rC++ Will+}
 31151 | Gauntlet | Identified the ring of Wuiven {Will+ Int+6 Dex+4}
 31156 | Gauntlet | Identified the +4 war axe of Indomitability {freeze, Dex+3}
 31158 | Gauntlet | Identified the +6 leather armour of the Pink Corner {rN+
                  | Int+2}
 31167 | Orc:2    | Reached skill level 17 in Spellcasting
 31341 | Orc:2    | Found a staircase to the Elven Halls.
 31480 | Orc:2    | Found a radiant altar of Vehumet.
 32180 | Orc:2    | Reached skill level 1 in Armour
 32278 | Orc:2    | Found Doem Ket's Armour Boutique.
 32278 | Orc:2    | Found Nuipemeo's Book Emporium.
 32280 | Orc:2    | Found Weddyll's Weapon Boutique.
 32280 | Orc:2    | Found Xohacig's Assorted Antiques.
 32289 | Orc:2    | Bought 3 scrolls labelled DESCHAA YRHIH for 69 gold pieces
 32299 | Orc:2    | Bought a scroll of enchant armour for 172 gold pieces
 32299 | Orc:2    | Bought a scroll of identify for 46 gold pieces
 32440 | D:13     | Killed Rupert
 33290 | D:4      | Bought an amulet of reflection for 390 gold pieces
 33584 | D:13     | Offered knowledge of Plasma Beam by Vehumet.
 33732 | D:13     | Learned a level 6 spell: Plasma Beam
 33932 | D:13     | Found a gate to the Vaults.
 34943 | D:14     | Found a bloodstained altar of Trog.
 35489 | D:15     | Entered Level 15 of the Dungeon
 35834 | D:14     | Learned a level 4 spell: Iskenderun's Mystic Blast
 37313 | D:14     | Reached skill level 18 in Spellcasting
 39128 | D:15     | Found a staircase to the Depths.
 39509 | Swamp:1  | Entered Level 1 of the Swamp
 40431 | Swamp:1  | Reached XP level 16. HP: 86/86 MP: 29/40
 41222 | Swamp:2  | Noticed Nikola
 41235 | Swamp:2  | Killed Nikola
 41236 | Swamp:2  | Reached skill level 5 in Fighting
 41968 | Swamp:2  | Offered knowledge of Fireball by Vehumet.
 42066 | Swamp:2  | Reached skill level 5 in Armour
 42161 | Swamp:2  | Noticed a thorn hunter
 42180 | Swamp:2  | Killed a thorn hunter
 42930 | Swamp:3  | Learned a level 5 spell: Fireball
 43060 | Swamp:3  | Noticed Jorgrun
 43067 | Swamp:3  | Noticed a tentacled monstrosity
 43068 | Swamp:3  | Killed Jorgrun
 43266 | Swamp:3  | Killed a tentacled monstrosity
 43905 | Swamp:3  | Found a bloodstained altar of Trog.
 43908 | Swamp:3  | Noticed Iffuusoj's ghost (adept MiBe)
 43918 | Swamp:3  | Found a transporter.
 43924 | Swamp:3  | Found a transporter.
 43945 | Swamp:3  | Mangled by Iffuusoj's ghost

Illustrated notes

Levels and vault maps discovered:
D:1:      dpeg_arrival_circle_labyrinth_c, layout_loops_ring,
          hellmonk_ecumenical_altar_crossroads, chequers_serial_rivers_small_3
D:2:      layout_basic
D:3:      layout_rooms
D:4:      layout_layer_cave, zin_purify, amcnicky_mini_corridor_feature,
          nicolae_specific_store
D:5:      layout_rooms
D:6:      layout_loops_ring, minmay_misc_feat_x
D:7:      layout_cave_pools, temple_pool_b, serial_bayou_crossing, uniq_joseph,
          uniq_maggie
D:8:      layout_basic, tso_metal_star, kennysheep_mini
D:9:      layout_loops_cross, nicolae_wu_jian_immortal_techniques,
          dpeg_lair_monsters, enter_bailey_2, kennysheep_decorative_pillar
D:10:     minmay_skewed_foursquare, layout_basic, led_sif_pool,
          kennysheep_orc_monster_closet_entryway, enter_trove_5, serial_shops,
          shop, grunt_decor_fettered, lightli_corner_chamber, uniq_harold
D:11:     layout_cave_pods, serial_shops, nicolae_take_the_stairs, uniq_maurice
D:12:     gammafunk_sealed_library, layout_rooms, serial_shops,
          nicolae_diamond_shop
D:13:     layout_loops_ring, lightli_vaults_fourway_checkpoint, uniq_rupert
D:14:     layout_basic, trog_three_pillars_becter, minmay_liquid_box
D:15:     hangedman_depths_entry_try_elsewhere_first, layout_rooms,
          corexii_corridor_pit, minivault_25_ag, hex_tiny
Temple:   hellmonk_temple_divided_pantheon
Lair:1:   layout_chaotic_city, beast_lair_carwin_9, grunt_megastairs_1
Lair:2:   layout_chaotic_city, basic_altar, grunt_megastairs_3
Lair:3:   layout_gridlike, skrybe_swamp_entry_bodies,
          nicolae_spider_entry_orb_guardian, nzn_random_ring
Lair:4:   layout_regular_city, beast_lair_carwin_11
Lair:5:   evilmike_catoblepas_cave, layout_hall_layers, dpeg_slime_entry_corner,
          st_stairs_11, kilobyte_rumbling_trees
Swamp:1:  layout_basic_swamp, hangedman_swamp_cone, swamp_pool4
Swamp:2:  layout_basic_swamp, evilmike_swamp_ruin_house_4, swamp_pool4,
          nicolae_swamp_no_escape, uniq_nikola
Swamp:3:  layout_basic_swamp, gammafunk_ghost_wrathful_warriors,
          evilmike_swamp_ruin_rubble_2, swamp_pool4, infiniplex_staircase_pool,
          uniq_jorgrun
Orc:1:    layout_caves, enter_volcano_1, small_statue_alley_c, uniq_josephine
Orc:2:    grunt_orc_tribal_feast, layout_caves, basic_altar,
          gauntlet_entry_generic

Skill      XL: |  1  2  3  4  5  6  7  8  9 10 11 12 13 14 15 16 |
---------------+-------------------------------------------------+-----
Fighting       | 1 2 4 5 |  5.1
Conjurations   | 2 3 4 5 7 8 9 11 13 | 13.5
Spellcasting   | 4 5 7 9 10 12 13 15 16 18 | 18.9
Fire Magic     | 4 5 6 8 10 12 13 | 13.9
Ranged Weapons | 1 2 3 5 |  5.4
Shields        | 4 5 |  5.9
Earth Magic    | 1 4 6 |  6.9
Dodging        | 3 4 5 |  5.2
Ice Magic      | 3 5 |  5.7
Air Magic      | 2 5 7 |  7.7
Evocations     | 4 8 |  8.3
Staves         | 1 5 |  5.6
Stealth        | 4 |  4.7
Armour         | 4 7 |  7.7

Action                     |  1- 3 |  4- 6 |  7- 9 | 10-12 | 13-15 | 16-18 || total
---------------------------+-------+-------+-------+-------+-------+-------++-------
  Melee: War axe           |       |     2 |       |       |       |       ||     2
         Sling             |       |     1 |       |       |       |       ||     1
         Staff             |       |       |       |       |    54 |    11 ||    65
   Fire: Sling             |       |    50 |    49 |   131 |   200 |       ||   430
   Cast: Foxfire           |    61 |    72 |    61 |    62 |   149 |    19 ||   424
         Scorch            |     1 |    19 |    36 |    80 |    98 |     9 ||   243
         Flame Wave        |       |     3 |    13 |    72 |    91 |     5 ||   184
         Stone Arrow       |       |       |       |    39 |    51 |     3 ||    93
         Freezing Cloud    |       |       |       |     9 |    26 |     5 ||    40
         Frozen Ramparts   |       |       |       |     1 |    18 |       ||    19
         Passwall          |       |       |       |     1 |     2 |       ||     3
         Starburst         |       |       |       |       |    44 |    15 ||    59
         Plasma Beam       |       |       |       |       |    24 |    35 ||    59
         Iskenderun's Myst |       |       |       |       |    21 |     6 ||    27
         Fireball          |       |       |       |       |       |    16 ||    16
  Evoke: Wand              |       |       |       |     3 |     2 |    15 ||    20
    Use: Scroll            |       |     1 |    19 |    20 |     9 |     4 ||    53
         Potion            |       |       |     1 |    10 |     3 |     3 ||    17
   Stab: Sleeping          |       |       |       |       |     1 |       ||     1
 Armour: Robe              |     1 |     8 |     4 |       |       |       ||    13
         Steam dragon scal |       |       |    10 |    99 |   178 |       ||   287
         Leather armour    |       |       |       |       |    59 |     1 ||    60
         Pearl dragon scal |       |       |       |       |       |    27 ||    27
  Dodge: Dodged            |     9 |    42 |    60 |   184 |   483 |    15 ||   793
  Block: Buckler           |       |       |    30 |    96 |   304 |    33 ||   463
         Reflection        |       |       |       |       |    30 |     4 ||    34
